Map: Ulrena

Players

thomas

  • Race: Protoss Protoss
  • Spawn Location: 7:00

zidar - Winner!

  • Race: Zerg Zerg
  • League: Silver
  • Spawn Location: 11:00

VOD

Have the link to the VOD?

Description

Time

  • Played on: Jan. 14, 2016, 1:53 p.m.
  • Length: 4:44
Show
View Real Time Build Order
Export as new Build Order

thomas Protoss 

Build Orders: Oracle Opening 

Get SALT Encoding   

  12  0:01  Probe (Chrono Boost)  
  13  0:11  Probe (Chrono Boost)  
  14  0:24  Probe (Chrono Boost)  
  14  0:25  Pylon  
  15  0:32  Assimilator  
  15  0:43  Probe (Chrono Boost)  
  15  0:44  Gateway  
  16  0:54  Probe (Chrono Boost), Assimilator  
  17  1:10  Probe (Chrono Boost), Pylon  
  18  1:20  Probe (Chrono Boost)  
  19  1:31  Probe (Chrono Boost)  
  20  1:38  Cybernetics Core  
  20  1:41  Probe (Chrono Boost)  
  21  2:03  Probe (Chrono Boost)  
  22  2:15  Stalker (Chrono Boost)  
  24  2:24  Stargate  
  24  2:38  Probe  
  25  2:52  Nexus  
  25  2:58  Pylon  
  25  3:00  Pylon  
  25  3:06  Oracle (Chrono Boost)  
  28  3:19  Forge  
  28  3:40  Cybernetics Core  
Show
View Real Time Build Order
Export as new Build Order

zidar Zerg - Winner!

Build Orders: Pool First 

Get SALT Encoding   

  12  0:02  Drone  
  13  0:13  Overlord  
  13  0:17  Drone  
  14  0:32  Drone x2  
  14  0:35  Drone  
  17  0:46  Spawning Pool  
  17  0:49  Drone  
  17  1:13  Hatchery  
  17  1:15  Drone  
  17  1:20  Extractor, Drone  
  17  1:24  Drone  
  18  1:30  Overlord  
  18  1:42  Queen  
  20  1:56  Drone  
  20  1:57  Drone  
  22  2:07  Drone  
  23  2:12  Overlord  
  23  2:18  Queen  
  25  2:43  Zergling x2  
  25  2:44  Zergling x6  
  27  2:48  Metabolic Boost  
  29  3:02  Spore Crawler  
  28  3:13  Spore Crawler  
  27  3:39  Extractor  
  26  3:53  Zergling x6  
  26  3:54  Zergling x4  
Tags
 
Add a new tag
Caveats
  • Supply blocks, unpowered buildings, or Contaminate may cause inaccurate times.
  • Supply counts are checked every 10 seconds.